[Event "Titled Tuesday Blitz December 06 Early 2022"]
[White "Martinez Alcantara, Jose Eduardo"]
[Black "Timofeev, Artyom"]
[WhiteFideId "3805662"]
[BlackFideId "4140419"]
[WhiteElo "2707"]
[BlackElo "2586"]
[Result "1-0"]
[Round "06"]
[TimeControl "180+1"]
[Date "2022.12.06"]
[WhiteClock "0:00:13"]
[BlackClock "0:00:02"]

1. e4 c5 2. Nf3 Nc6 3. c3 Nf6 4. Bd3 d6 5. h3 g6 6. Bc2 Bg7 7. d4 cxd4 8. cxd4 O-O 9. O-O Nb4 10. Bb3 a6 11. Nc3 Nc6 12. Qe2 Na5 13. Bc2 Nd7 14. Bg5 b5 15. a4 bxa4 16. Rxa4 Nc6 17. Rd1 Bb7 18. Raa1 Re8 19. Ba4 Nb6 20. Bb3 Nb4 21. Bh4 d5 22. Ne5 Qd6 23. Bg3 Qd8 24. Qf3 Rf8 25. exd5 N4xd5 26. Ne4 e6 27. Nc5 Qe7 28. Re1 a5 29. Qe2 a4 30. Ba2 Rac8 31. Qb5 Ba8 32. Nxa4 Nxa4 33. Qxa4 Qb7 34. Qd7 Qxd7 35. Nxd7 Rfd8 36. Ne5 h5 37. Bh4 Re8 38. Bb3 Bf6 39. Bxf6 Nxf6 40. Ra7 Rb8 41. Rxf7 Ne4 42. Bc2 Nd6 43. Rf6 Rxb2 44. Rxg6+ Kf8 45. Bd3 Bd5 46. Rh6 Kg7 47. Rh7+ Kg8 48. Rxh5 Rd2 49. Bg6 Rf8 50. f3 Rxd4 51. Rg5 Kh8 52. Bb1 Rf6 53. Ng6+ Kg7 54. Nf4+ Kf8 55. Ng6+ Kf7 56. h4 Nc4 57. h5 Rd2 58. h6 1-0


[Site "https://www.chess.com"]

[Event "Titled Tuesday Blitz December 06 Early 2022"]
[White "Matveeva, Olga"]
[Black "sabkeIXO"]
[WhiteFideId "24107018"]
[WhiteElo "2056"]
[BlackElo "2494"]
[Result "1/2-1/2"]
[Round "06"]
[TimeControl "180+1"]
[Date "2022.12.07"]
[WhiteClock "0:00:08"]
[BlackClock "0:00:43"]

1. d4 Nf6 2. c4 g6 3. g3 Bg7 4. Bg2 d6 5. Nf3 O-O 6. O-O Nc6 7. Nc3 e5 8. d5 Nb8 9. e4 a5 10. Ne1 Na6 11. Nd3 Nd7 12. f4 exf4 13. Bxf4 b6 14. Kh1 Nac5 15. Rc1 Ba6 16. b3 Nxd3 17. Qxd3 Ne5 18. Bxe5 Bxe5 19. Nb5 Qd7 20. Nd4 Rae8 21. Nc6 Bg7 22. Rf2 Bb7 23. Rcf1 Bxc6 24. dxc6 Qxc6 25. e5 Qd7 26. exd6 Qxd6 27. Qxd6 cxd6 28. Bd5 Re7 29. Kg2 Bd4 30. Rd2 Be5 31. g4 Kg7 32. h3 f6 33. Re2 Rb8 34. a4 Rh8 35. Kf3 h5 36. gxh5 Rxh5 37. Rh1 Re8 38. Rg2 f5 39. Kf2 Reh8 40. Rb1 Rxh3 41. b4 axb4 42. Rxb4 Rc3 43. a5 Rb8 44. axb6 Rxb6 45. Rxb6 Bd4+ 46. Ke2 Bxb6 47. Kd2 Ra3 48. Re2 Ra2+ 49. Kd3 Rxe2 50. Kxe2 Kf6 51. Kf3 Bc5 52. Bc6 g5 53. Bd5 Ke5 54. Bc6 g4+ 55. Kg3 Be3 56. Bd5 Bd2 57. Bc6 Be1+ 58. Kg2 f4 59. Bd7 Kd4 60. Bxg4 Kxc4 61. Bf5 d5 62. Kf3 Bd2 63. Ke2 Be3 64. Bg6 Kd4 65. Bf5 Ke5 66. Bg6 Kf6 67. Bh7 Kg5 68. Bg8 d4 69. Bd5 Kg4 70. Be4 Kg3 71. Bd5 Kg4 72. Be4 Bc1 73. Bd5 Kf5 74. Bc6 Ke5 75. Bb7 Be3 76. Bc6 Kd6 77. Bb7 Kc5 78. Bc8 Kd5 79. Bd7 Kd6 80. Bc8 Ke5 81. Bb7 Kf5 82. Bc8+ Ke5 83. Bb7 Kd6 84. Bc8 Kc5 85. Bb7 Kc4 86. Be4 Kc3 87. Bf5 Bc1 88. Be4 Ba3 89. Bf5 Bf8 90. Be4 Bh6 91. Bf5 f3+ 92. Kxf3 d3 93. Bxd3 1/2-1/2


[Site "https://www.chess.com"]

[Event "Titled Tuesday Blitz December 06 Early 2022"]
[White "Mazurkiewicz, Michal"]
[Black "Kuchava, Ana"]
[WhiteFideId "1124943"]
[BlackFideId "13605348"]
[WhiteElo "2081"]
[BlackElo "2001"]
[Result "0-1"]
[Round "06"]
[TimeControl "180+1"]
[Date "2022.12.07"]
[WhiteClock "0:00:03"]
[BlackClock "0:00:08"]

1. e4 c5 2. Nf3 d6 3. g3 Nc6 4. Bg2 g6 5. O-O Bg7 6. d3 Nf6 7. Re1 O-O 8. e5 dxe5 9. Nxe5 Nxe5 10. Rxe5 Nd7 11. Re1 e5 12. Nc3 Nb6 13. Be3 c4 14. dxc4 Nxc4 15. Bc5 Re8 16. b3 Nb6 17. Qxd8 Rxd8 18. Bxb6 axb6 19. Nd5 Ra5 20. Nxb6 Bf5 21. Rad1 Rxd1 22. Rxd1 Bf6 23. Nd5 Kg7 24. Nb4 Be7 25. c3 Bxb4 26. cxb4 Rxa2 27. Bxb7 Rb2 28. Bd5 Bc2 29. Rd2 Rb1+ 30. Kg2 Bxb3 31. Bc6 Bc4 32. b5 Bxb5 33. Bd5 Bf1+ 34. Kf3 Kf6 35. Ra2 Bb5 36. Ra7 Be8 37. h4 h5 38. Ra6+ Kg7 39. Ra7 Rd1 40. Ba2 Bc6+ 41. Ke3 Rd7 42. Ra6 Bd5 43. Bb1 Be6 44. Bd3 Kf6 45. Be4 Rc7 46. Bd5 Rc3+ 47. Kd2 Rc5 48. Bxe6 fxe6 49. Ke2 Rc2+ 50. Kf3 Rc3+ 51. Kg2 Kf5 52. Ra8 Kf6 53. Rf8+ Kg7 54. Re8 Kf6 55. Rf8+ Kg7 56. Rf3 Rc2 57. Re3 Kf6 58. Kf3 Rb2 59. Rc3 Ra2 60. Rc8 Ra3+ 61. Kg2 Ra2 62. Rf8+ Kg7 63. Rf3 Rb2 64. Kh3 e4 65. Rf4 Re2 66. g4 e5 67. gxh5 exf4 68. h6+ Kxh6 69. f3 exf3 70. h5 f2 71. hxg6 f1=Q+ 72. Kg4 Rg2+ 73. Kf5 Qc4 74. Kf6 Qc5 75. g7 Rxg7 76. Ke6 Rg6+ 77. Kf7 Qa7+ 78. Kf8 Rb6 79. Ke8 Rb8# 0-1


[Site "https://www.chess.com"]

[Event "Titled Tuesday Blitz December 06 Early 2022"]
[White "Mgeladze, Tamaz"]
[Black "Guzman Moneo, Alberto"]
[WhiteFideId "13601202"]
[BlackFideId "2209616"]
[WhiteElo "2288"]
[BlackElo "2157"]
[Result "1/2-1/2"]
[Round "06"]
[TimeControl "180+1"]
[Date "2022.12.07"]
[WhiteClock "0:00:53"]
[BlackClock "0:00:13"]

1. c4 g6 2. g3 Bg7 3. Bg2 e5 4. Nc3 d6 5. Nf3 f5 6. O-O Nf6 7. d3 O-O 8. Rb1 h6 9. b4 g5 10. a4 g4 11. Nd2 h5 12. Qb3 Kh8 13. a5 a6 14. e3 h4 15. f3 Nc6 16. Nd5 Ne7 17. Nxf6 Rxf6 18. fxg4 fxg4 19. Rxf6 Bxf6 20. Ne4 Bg7 21. gxh4 Nf5 22. Bd2 Nxh4 23. Rf1 Be6 24. Qd1 Nxg2 25. Kxg2 Qh4 26. Qe1 Qh3+ 27. Kg1 Bg8 28. Qg3 Qh5 29. Nf6 Bxf6 30. Rxf6 Kg7 31. Rf2 Rf8 32. e4 Rxf2 33. Kxf2 Be6 34. Be3 c6 35. c5 dxc5 36. Bxc5 Kf7 37. Bd6 Qh3 38. Bxe5 Qxg3+ 39. Kxg3 Kg6 40. Kf4 Bb3 41. Bd6 Bc2 42. d4 Bd1 43. Be7 Kf7 44. Bh4 Ke6 45. Bf2 Be2 46. Bg3 Bd1 47. Ke3 Kd7 48. Kd2 Bf3 49. Ke1 Bxe4 50. Kf2 Ke6 51. Ke3 Kd5 52. Bh4 Bf5 53. Be7 Bd7 54. Bc5 Bf5 55. Kf4 Bd7 56. Kg5 Ke4 57. Kf6 Kd5 58. Ke7 Bf5 59. Kd8 Bd3 60. Kc7 Bb5 61. Kxb7 Be2 62. Kc7 Bb5 63. Kd7 Be2 64. Ke7 Bb5 65. Kf6 Be2 66. Kf5 Bf3 67. Kg5 Be2 68. Kf4 Bd1 69. Kg3 Be2 70. Bb6 Bd1 71. Kf2 Kc4 72. Bc5 Kd5 73. Ke3 Kc4 74. Ke4 Bf3+ 75. Ke5 Bd5 76. Kf5 Bf3 77. Kf4 Bd1 78. Ke5 Kb5 79. Kd6 Bf3 80. Ke5 Bd5 81. Kf4 Be6 82. Ke4 Bb3 83. Ke5 Bd1 84. Kf4 Be2 85. Ke3 Bd1 86. Ke4 Bf3+ 87. Kf4 Bd1 88. Ke5 Be2 89. d5 cxd5 90. Kxd5 Bf3+ 91. Ke5 Bd1 92. Kf4 Be2 93. Ke3 Bd1 94. Bd6 Bb3 95. Kf4 Be6 96. Ke5 Bc8 97. Bc5 Kc6 98. Kf4 Kb5 99. Kg5 Kc6 100. Kf6 Kb5 101. Bd6 Kc6 102. Ke7 Bf5 103. Bc5 Bc8 104. Kd8 Bf5 105. Ke8 Kb5 106. Kf7 Bc2 107. Kf6 Bd1 108. Kf5 Be2 109. Kf4 Bd1 110. Ke3 Bb3 111. Ke4 Be6 112. Ke5 Bc8 113. Kd6 Bb7 114. Ke6 Bf3 115. Kf5 Be2 116. Kf4 Bd1 117. Ke3 Kc6 118. Kf2 Kb5 119. Kg3 Kc6 120. Kf4 Kb5 1/2-1/2


[Site "https://www.chess.com"]

[Event "Titled Tuesday Blitz December 06 Early 2022"]
[White "Mihailidis, Anastasios"]
[Black "Lauridsen, Jesper Morch"]
[WhiteFideId "4205588"]
[BlackFideId "1401890"]
[WhiteElo "2312"]
[BlackElo "2254"]
[Result "1-0"]
[Round "06"]
[TimeControl "180+1"]
[Date "2022.12.07"]
[WhiteClock "0:00:06"]
[BlackClock "0:00:15"]

1. e4 e5 2. Nf3 Nf6 3. Nxe5 d6 4. Nf3 Nxe4 5. Nc3 Nxc3 6. dxc3 Be7 7. Bd3 O-O 8. Be3 Nd7 9. O-O Nf6 10. Qd2 b6 11. Rfe1 Qd7 12. Nd4 Qg4 13. Be2 Qg6 14. Bf3 d5 15. c4 Bb7 16. cxd5 Nxd5 17. c4 Bb4 18. Qc2 Qxc2 19. Nxc2 Nxe3 20. Rxe3 Bxf3 21. gxf3 Bc5 22. Re2 Rad8 23. Rae1 g6 24. b4 Bd6 25. a3 Kg7 26. Ne3 c6 27. Nc2 h5 28. Kg2 Bf4 29. Re4 g5 30. Nd4 c5 31. Nf5+ Kf6 32. Ng3 Bxg3 33. fxg3 Rd3 34. bxc5 bxc5 35. Re5 Rxa3 36. Rxc5 Ra2+ 37. Kh3 g4+ 38. fxg4 hxg4+ 39. Kxg4 Rxh2 40. Rf5+ Kg6 41. Rg5+ Kh6 42. Ra5 Rg8+ 43. Kf3 Rg6 44. Rxa7 Rf6+ 45. Kg4 Rg6+ 46. Kf3 Rf6+ 47. Kg4 Rff2 48. Ra6+ Kg7 49. Ra5 Kg6 50. Rg5+ Kh6 51. Rf5 Rxf5 52. Kxf5 Rc2 53. Re4 Kg7 54. Kg5 Rc3 55. Kg4 Kg6 56. Rd4 f5+ 57. Kf4 Kf6 58. Rd6+ Ke7 59. Rc6 Rd3 60. Kxf5 Rxg3 61. Ke5 Kd7 62. Ra6 Rg5+ 63. Kd4 Rh5 64. Kc3 Kc7 65. Kb4 Rh1 66. Rg6 Rh5 67. c5 Rf5 68. Kb5 Kb8 69. Kb6 Rf1 70. Rg8+ 1-0


[Site "https://www.chess.com"]

[Event "Titled Tuesday Blitz December 06 Early 2022"]
[White "Mikhailovsky, Vladimir"]
[Black "Demin, Vladimir"]
[WhiteFideId "34105414"]
[BlackFideId "4167457"]
[WhiteElo "2295"]
[BlackElo "2563"]
[Result "1-0"]
[Round "06"]
[TimeControl "180+1"]
[Date "2022.12.07"]
[WhiteClock "0:02:54"]
[BlackClock "0:02:18"]

1. e4 e5 2. Nf3 Nc6 3. Nc3 Nf6 4. Bb5 Bb4 5. O-O O-O 6. d3 d6 7. Bxc6 bxc6 8. Ne2 h6 9. Ng3 Bg4 10. h3 Bxf3 11. Qxf3 d5 12. Nf5 dxe4 13. dxe4 Bd6 14. Bxh6 gxh6 15. Qg3+ Ng4 16. Qxg4+ Qg5 17. Nxh6+ Kh7 18. Qxg5 Rg8 19. Nxg8 Rb8 20. Nf6+ Kh8 21. Qh6# 1-0


[Site "https://www.chess.com"]

[Event "Titled Tuesday Blitz December 06 Early 2022"]
[White "Miszler, Levente"]
[Black "Simonovic, Miroslav"]
[WhiteFideId "763276"]
[BlackFideId "919152"]
[WhiteElo "2176"]
[BlackElo "2057"]
[Result "1-0"]
[Round "06"]
[TimeControl "180+1"]
[Date "2022.12.07"]
[WhiteClock "0:02:07"]
[BlackClock "0:00:13"]

1. Nf3 c5 2. c4 Nc6 3. Nc3 e5 4. g3 g6 5. Bg2 Bg7 6. O-O Nge7 7. Ne1 O-O 8. Nc2 d6 9. Ne3 f5 10. Ned5 Be6 11. a3 e4 12. d3 exd3 13. exd3 Nd4 14. Re1 Nxd5 15. Nxd5 Re8 16. h4 h6 17. Be3 Kh7 18. Rb1 a5 19. b4 axb4 20. axb4 Bxd5 21. Bxd5 cxb4 22. Rxb4 Rb8 23. Rxb7 Rxb7 24. Bxb7 Qf6 25. Bd5 g5 26. hxg5 Qe7 27. gxh6 Bxh6 28. Qh5 f4 29. Be4+ Kg8 30. Bxd4 Rf8 31. Bd5+ 1-0


[Site "https://www.chess.com"]

[Event "Titled Tuesday Blitz December 06 Early 2022"]
[White "Mitrovic, Darko R"]
[Black "Petrova, Irina"]
[WhiteFideId "927023"]
[BlackFideId "14124122"]
[WhiteElo "2150"]
[BlackElo "2023"]
[Result "0-1"]
[Round "06"]
[TimeControl "180+1"]
[Date "2022.12.07"]
[WhiteClock "0:00:06"]
[BlackClock "0:00:27"]

1. d4 d6 2. Nf3 g6 3. h3 Bg7 4. g3 Nf6 5. a3 O-O 6. b3 Nc6 7. Bg2 Ne4 8. Bb2 d5 9. Kf1 Bf5 10. Kg1 Qd7 11. e3 h5 12. Nbd2 Rad8 13. Rc1 Na5 14. Qe2 c5 15. Kh2 Nc6 16. Rhd1 Nxd2 17. Rxd2 Be4 18. Rcd1 Bxf3 19. Bxf3 cxd4 20. exd4 e6 21. c4 Ne7 22. c5 a6 23. b4 Nf5 24. h4 Kh7 25. Rd3 Qb5 26. Kg2 a5 27. Kh1 axb4 28. axb4 Qxb4 29. Kg2 Ra8 30. Kh1 Ra2 31. R1d2 Rfa8 32. Kg2 Qc4 33. Rb3 Qxb3 34. Be4 dxe4 35. Rd3 Qxd3 36. Qe1 Rxb2 37. Qc1 Qf3+ 38. Kh2 Qxf2+ 0-1


[Site "https://www.chess.com"]

[Event "Titled Tuesday Blitz December 06 Early 2022"]
[White "Mkrtchian, Lilit"]
[Black "Tsyhanchuk, Stanislav"]
[WhiteFideId "13300601"]
[BlackFideId "13505130"]
[WhiteElo "2316"]
[BlackElo "2173"]
[Result "1-0"]
[Round "06"]
[TimeControl "180+1"]
[Date "2022.12.07"]
[WhiteClock "0:00:34"]
[BlackClock "0:00:07"]

1. Nf3 d5 2. g3 c5 3. Bg2 Nf6 4. O-O Nc6 5. d4 e6 6. c4 dxc4 7. Qa4 Nd5 8. dxc5 Bxc5 9. Qxc4 Qe7 10. Nbd2 h6 11. Ne4 Bb6 12. b3 f5 13. Nc3 Nxc3 14. Qxc3 e5 15. Bb2 e4 16. Nh4 Bd4 17. Qd2 e3 18. Bxc6+ bxc6 19. Qxd4 exf2+ 20. Rxf2 c5 21. Qxg7 Qxg7 22. Bxg7 Rh7 23. Bc3 Rf7 24. Raf1 a5 25. Nxf5 Bxf5 26. Rxf5 Rxf5 27. Rxf5 a4 28. Rxc5 axb3 29. axb3 Ra3 30. b4 Rb3 31. Kf2 Kf7 32. b5 Kg6 33. Rc6+ Kg5 34. b6 h5 35. Bd4 h4 36. gxh4+ Kg4 37. Rg6+ Kf4 38. Rg7 Ke4 39. Bc5 Kf5 40. b7 Kf6 41. Bd4+ Kf5 42. Ba7 1-0


[Site "https://www.chess.com"]

[Event "Titled Tuesday Blitz December 06 Early 2022"]
[White "Moroni, Luca Jr"]
[Black "Oparin, Grigoriy"]
[WhiteFideId "865834"]
[BlackFideId "24125890"]
[WhiteElo "2573"]
[BlackElo "2641"]
[Result "1-0"]
[Round "06"]
[TimeControl "180+1"]
[Date "2022.12.06"]
[WhiteClock "0:00:06"]
[BlackClock "0:00:26"]

1. d4 d6 2. e4 Nf6 3. Nc3 e5 4. dxe5 dxe5 5. Qxd8+ Kxd8 6. Bc4 Be6 7. Bxe6 fxe6 8. f3 Bd6 9. Nh3 Ke7 10. Nf2 Nc6 11. Be3 Rhd8 12. O-O-O a6 13. Nd3 b6 14. a3 h6 15. Nb1 Nd7 16. Nd2 Na5 17. b4 Nb7 18. Nc4 b5 19. Nd2 c5 20. bxc5 Ndxc5 21. Nxc5 Bxc5 22. Bxc5+ Nxc5 23. Nb3 Na4 24. Rxd8 Rxd8 25. Rd1 Rc8 26. Rd3 g5 27. Nd2 h5 28. Nf1 Nc3 29. g3 Ne2+ 30. Kd2 Nd4 31. c3 Nb3+ 32. Kc2 Nc5 33. Re3 Rf8 34. Nd2 g4 35. Kd1 Na4 36. Kc2 Nb6 37. Kb3 Rd8 38. Re2 a5 39. fxg4 hxg4 40. Kc2 Rc8 41. Kb3 Rf8 42. Kc2 a4 43. Kd3 Rd8+ 44. Kc2 Rf8 45. Kd3 Nd7 46. Kc2 Nc5 47. c4 Nb3 48. Nxb3 axb3+ 49. Kxb3 Rf3+ 50. Kb4 bxc4 51. a4 c3 52. a5 Kd7 53. Rc2 Re3 54. Rxc3 Rxe4+ 55. Kb5 Re1 56. a6 Rb1+ 57. Ka5 Ra1+ 58. Kb6 Rb1+ 59. Ka5 Ra1+ 60. Kb5 Rb1+ 61. Ka4 Rb8 62. Ka5 Rb1 63. Rc4 e4 64. a7 e3 65. a8=Q e2 66. Qc6+ Ke7 67. Qc7+ Kf6 68. Qf4+ Ke7 69. Rc7+ Kd8 70. Qd6+ Ke8 71. Qe7# 1-0


[Site "https://www.chess.com"]

[Event "Titled Tuesday Blitz December 06 Early 2022"]
[White "Moskvin, Anatoly"]
[Black "Slovineanu"]
[WhiteFideId "24199990"]
[WhiteElo "2104"]
[BlackElo "2235"]
[Result "0-1"]
[Round "06"]
[TimeControl "180+1"]
[Date "2022.12.07"]
[WhiteClock "0:00:04"]
[BlackClock "0:00:08"]

1. e4 c6 2. c4 d5 3. exd5 cxd5 4. cxd5 Nf6 5. Nc3 Nxd5 6. Nf3 e6 7. d4 Bb4 8. Bd2 Nc6 9. Bd3 O-O 10. O-O Nf6 11. Bg5 Be7 12. a3 b6 13. Re1 Bb7 14. Bc2 Re8 15. Qd3 g6 16. Rad1 Rc8 17. Ba4 a6 18. Bxc6 Bxc6 19. Qxa6 Bxf3 20. gxf3 Nd5 21. Bxe7 Qxe7 22. Ne4 Rc2 23. Re2 Rec8 24. Qd3 Rxe2 25. Qxe2 Qh4 26. Qd2 Nf4 27. Kh1 h6 28. Rg1 g5 29. Nf6+ Kh8 30. Ng4 Qh3 31. Qe3 Rc2 32. Qe5+ Kg8 33. Qf6 Qxf3+ 0-1


[Site "https://www.chess.com"]

[Event "Titled Tuesday Blitz December 06 Early 2022"]
[White "Najdin, Danil"]
[Black "Czopor, Maciej"]
[WhiteFideId "4172426"]
[BlackFideId "21805431"]
[WhiteElo "2245"]
[BlackElo "2324"]
[Result "0-1"]
[Round "06"]
[TimeControl "180+1"]
[Date "2022.12.07"]
[WhiteClock "0:00:03"]
[BlackClock "0:00:04"]

1. d4 Nf6 2. c4 g6 3. g3 Bg7 4. Bg2 O-O 5. Nc3 d6 6. Nf3 Nc6 7. O-O Bg4 8. h3 Bxf3 9. exf3 Nd7 10. Be3 e5 11. d5 Ne7 12. f4 Nf5 13. Bd2 Re8 14. Rc1 Nc5 15. fxe5 Bxe5 16. b4 Nd3 17. Rb1 a5 18. bxa5 Nc5 19. Ne4 Nxe4 20. Bxe4 Nxg3 21. fxg3 Bd4+ 22. Kh1 Rxe4 23. Qf3 f5 24. Rxb7 Be5 25. g4 Qc8 26. Rb3 Rxc4 27. gxf5 Qxf5 28. Qxf5 gxf5 29. Rxf5 Rc2 30. Bh6 Kh8 31. Rbf3 Bg7 32. Bxg7+ Kxg7 33. Rf7+ Kg8 34. Rf2 Rxf2 35. Rxf2 Rxa5 36. Rc2 Ra7 37. Kg2 Kf7 38. Kf3 Kf6 39. Ke4 h5 40. Kd4 Ra4+ 41. Kd3 Ra3+ 42. Kd4 Rxh3 43. Rxc7 Rh4+ 44. Kc3 Ke5 45. Re7+ Kxd5 46. Rh7 Rh1 47. a4 h4 48. Kb4 h3 49. Rh5+ Kd4 50. Kb5 h2 51. Ka6 d5 52. a5 Kc4 53. Ka7 d4 54. a6 d3 55. Rh8 d2 56. Rc8+ Kb3 57. Rb8+ Ka4 58. Rd8 d1=Q 59. Rxd1 Rxd1 60. Kb6 Rd6+ 61. Kc7 Rxa6 0-1


[Site "https://www.chess.com"]

[Event "Titled Tuesday Blitz December 06 Early 2022"]
[White "Nepo"]
[Black "Franca, Ricardo Bedin"]
[BlackFideId "2107066"]
[WhiteElo "2231"]
[BlackElo "2459"]
[Result "0-1"]
[Round "06"]
[TimeControl "180+1"]
[Date "2022.12.07"]
[WhiteClock "0:02:15"]
[BlackClock "0:02:25"]

1. e4 e5 2. Nf3 Nc6 3. Bb5 a6 4. Ba4 Nf6 5. O-O Be7 6. Re1 b5 7. Bb3 d6 8. c3 O-O 9. h3 Na5 10. Bc2 c5 11. d4 Nd7 12. d5 Nb6 13. b4 Nac4 14. Nbd2 a5 15. Nxc4 Nxc4 16. bxa5 Qxa5 17. Bd3 Qxc3 18. Bg5 Bxg5 19. Nxg5 h6 20. Bxc4 Qxc4 21. Nf3 Rxa2 22. Nd2 Rxa1 23. Qxa1 Qd4 24. Qxd4 exd4 25. e5 dxe5 26. Rxe5 c4 27. d6 Bd7 28. Rd5 d3 0-1


[Site "https://www.chess.com"]

[Event "Titled Tuesday Blitz December 06 Early 2022"]
[White "Nugumanov, Bakhtiyar"]
[Black "Manukyan, Sargis A."]
[WhiteFideId "13701797"]
[BlackFideId "13303970"]
[WhiteElo "2287"]
[BlackElo "2187"]
[Result "0-1"]
[Round "06"]
[TimeControl "180+1"]
[Date "2022.12.07"]
[WhiteClock "0:01:20"]
[BlackClock "0:01:56"]

1. e4 e6 2. d4 d5 3. e5 c5 4. c3 Nc6 5. Nf3 Nh6 6. a3 Nf5 7. b4 cxd4 8. cxd4 Bd7 9. Be3 b5 10. Bxb5 Nxe5 11. Bxd7+ Nxd7 12. O-O Bd6 13. Nbd2 O-O 14. Nb3 Nb6 15. Qd3 Nc4 16. Nfd2 Rc8 17. Nc5 Qh4 18. g3 Qh3 19. Nxc4 dxc4 20. Qxc4 Nh4 21. Qe2 Qg2# 0-1


[Site "https://www.chess.com"]

[Event "Titled Tuesday Blitz December 06 Early 2022"]
[White "Omariev, Maksim"]
[Black "Fabris, Alberto"]
[WhiteFideId "4193423"]
[BlackFideId "801348"]
[WhiteElo "2453"]
[BlackElo "2185"]
[Result "0-1"]
[Round "06"]
[TimeControl "180+1"]
[Date "2022.12.07"]
[WhiteClock "0:00:01"]
[BlackClock "0:00:17"]

1. g4 e5 2. Bg2 Nc6 3. a3 d6 4. h3 f5 5. gxf5 Bxf5 6. b4 a6 7. Bb2 Nf6 8. d3 Be7 9. e3 Qd7 10. Ne2 O-O 11. Nd2 d5 12. Ng3 Be6 13. Qe2 b5 14. Nf3 Bd6 15. Ng5 a5 16. bxa5 Rxa5 17. Rg1 Rfa8 18. Rb1 Ne7 19. Nxe6 Qxe6 20. Nh5 Nxh5 21. Qxh5 Ng6 22. c4 bxc4 23. dxc4 c6 24. cxd5 cxd5 25. Bf3 Bxa3 26. Bxa3 Rxa3 27. Kf1 Ra1 28. Kg2 Rxb1 29. Rxb1 e4 30. Bg4 Qd6 31. Rb6 Qe5 32. Be6+ Kh8 33. Qxe5 Nxe5 34. Bxd5 Re8 35. Bxe4 g6 36. Bd5 Nd3 37. Rd6 Rf8 38. f4 Re8 39. Kf3 Ne1+ 40. Kf2 Nd3+ 41. Kf3 Ne1+ 42. Ke2 Nc2 43. e4 Nb4 44. e5 Kg7 45. Kf3 Nd3 46. Ke4 Nf2+ 0-1


[Site "https://www.chess.com"]

[Event "Titled Tuesday Blitz December 06 Early 2022"]
[White "Oro, Faustino"]
[Black "Krzywda, Andrzej"]
[WhiteFideId "20000197"]
[BlackFideId "1114565"]
[WhiteElo "1984"]
[BlackElo "2149"]
[Result "1-0"]
[Round "06"]
[TimeControl "180+1"]
[Date "2022.12.07"]
[WhiteClock "0:00:04"]
[BlackClock "0:00:02"]

1. e4 c5 2. Nf3 d6 3. d4 cxd4 4. Nxd4 Nf6 5. Nc3 g6 6. Be3 Nc6 7. f3 Bg7 8. Qd2 O-O 9. O-O-O d5 10. Kb1 e6 11. exd5 exd5 12. Bb5 Bd7 13. g4 a6 14. Ba4 Na5 15. Bxd7 Nc4 16. Qd3 Qxd7 17. Bc1 b5 18. g5 Nh5 19. Nb3 Rfd8 20. Nxd5 Qd6 21. Qe4 Re8 22. Qg4 Qe5 23. f4 Na3+ 24. bxa3 Qb8 25. Bb2 Bf8 26. Qxh5 gxh5 27. Nf6+ Kg7 28. Nd7+ Kg6 29. Nxb8 Raxb8 30. Be5 Rbc8 31. Kb2 a5 32. Rhe1 a4 33. Nd4 b4 34. axb4 Bxb4 35. Re3 a3+ 36. Kb3 Bf8 37. c4 Re7 38. Nb5 Rb7 39. Rd5 Bc5 40. Red3 Bf2 41. f5+ Kxg5 42. Rf3 Be1 43. Rf1 Ba5 44. h3 Kh4 45. Rf3 Rg8 46. Bf6+ Rg5 47. Rd4# 1-0


[Site "https://www.chess.com"]

[Event "Titled Tuesday Blitz December 06 Early 2022"]
[White "Osiecki, Stanislaw"]
[Black "Jaskolka, Tomasz"]
[WhiteFideId "1102990"]
[BlackFideId "1170791"]
[WhiteElo "2088"]
[BlackElo "2126"]
[Result "0-1"]
[Round "06"]
[TimeControl "180+1"]
[Date "2022.12.07"]
[WhiteClock "0:00:10"]
[BlackClock "0:00:13"]

1. e4 c5 2. c3 Nf6 3. e5 Nd5 4. d4 cxd4 5. Nf3 e6 6. cxd4 d6 7. a3 dxe5 8. dxe5 Nc6 9. Bd3 g6 10. O-O Bg7 11. Re1 O-O 12. Bd2 b6 13. Nc3 Bb7 14. Nxd5 Qxd5 15. Bc3 Rfd8 16. Be4 Qc5 17. Qe2 Rac8 18. Rad1 Ba8 19. h3 a5 20. Rxd8+ Rxd8 21. Rd1 Qe7 22. Rxd8+ Qxd8 23. Qd3 Qxd3 24. Bxd3 Ne7 25. Bd4 Bxf3 26. gxf3 Nd5 27. Bc4 Nf4 28. Bxb6 Bxe5 29. Bxa5 Bxb2 30. a4 Nxh3+ 31. Kf1 Ng5 32. Ke2 Bd4 33. Bc7 h5 34. a5 h4 35. a6 h3 36. Be5 Ba7 37. Kd3 Nxf3 38. Bg3 h2 39. Bxh2 Nxh2 40. f4 Ng4 41. Bb5 Kg7 42. Bc6 Nf6 43. Bf3 Nd5 0-1


[Site "https://www.chess.com"]

[Event "Titled Tuesday Blitz December 06 Early 2022"]
[White "Osmonbekov, Talaibek"]
[Black "Lohani, Sujana"]
[WhiteFideId "2017253"]
[BlackFideId "12311987"]
[WhiteElo "2135"]
[BlackElo "1718"]
[Result "1-0"]
[Round "06"]
[TimeControl "180+1"]
[Date "2022.12.07"]
[WhiteClock "0:01:50"]
[BlackClock "0:01:06"]

1. d4 d6 2. Bf4 Nf6 3. Nc3 g6 4. e4 Bg7 5. Qd2 h6 6. h4 c6 7. f3 h5 8. O-O-O Qa5 9. Kb1 Na6 10. Bc4 b5 11. Bb3 b4 12. Na4 c5 13. dxc5 Nxc5 14. Nxc5 Qxc5 15. e5 Nd7 16. exd6 O-O 17. dxe7 Re8 18. Bd6 Qb6 19. Qd5 1-0


[Site "https://www.chess.com"]

[Event "Titled Tuesday Blitz December 06 Early 2022"]
[White "Pakleza, Zbigniew"]
[Black "Postnikov, Artem"]
[WhiteFideId "1119290"]
[BlackFideId "34153575"]
[WhiteElo "2410"]
[BlackElo "2243"]
[Result "1-0"]
[Round "06"]
[TimeControl "180+1"]
[Date "2022.12.07"]
[WhiteClock "0:00:05"]
[BlackClock "0:00:03"]

1. d4 Nf6 2. Nf3 e6 3. Bf4 d5 4. e3 c5 5. c3 Nc6 6. Nbd2 Bd6 7. Bg3 O-O 8. Bd3 b6 9. Ne5 Ne7 10. f4 Bb7 11. Qb1 g6 12. Bf2 a5 13. O-O Nf5 14. g4 Ng7 15. Bh4 Be7 16. Bxf6 Bxf6 17. Ndf3 Ne8 18. g5 Bg7 19. h4 Nd6 20. Kg2 Ne4 21. Rh1 a4 22. a3 f6 23. Ng4 Kh8 24. gxf6 Nxf6 25. Nxf6 Bxf6 26. h5 g5 27. Qe1 gxf4 28. exf4 Rg8+ 29. Kf2 cxd4 30. cxd4 Qc7 31. Ke3 Raf8 32. Ne5 Qg7 33. Kd2 Qh6 34. Kc3 Qxf4 35. Rf1 Qg5 36. Kb4 Bxe5 37. Qxe5+ Qxe5 38. dxe5 Rxf1 39. Rxf1 Rg4+ 40. Kb5 Rd4 41. h6 1-0


[Site "https://www.chess.com"]

[Event "Titled Tuesday Blitz December 06 Early 2022"]
[White "Papasimakopoulos, Alexandros"]
[Black "Martinez Reyes, Pedro Ramon"]
[WhiteFideId "4244125"]
[BlackFideId "3901807"]
[WhiteElo "2384"]
[BlackElo "2354"]
[Result "1-0"]
[Round "06"]
[TimeControl "180+1"]
[Date "2022.12.07"]
[WhiteClock "0:00:09"]
[BlackClock "0:00:31"]

1. d4 Nf6 2. c4 c5 3. d5 e5 4. Nc3 d6 5. e4 Be7 6. Bd3 Nbd7 7. Nge2 Nf8 8. O-O Ng6 9. a3 Nh5 10. b4 b6 11. bxc5 bxc5 12. Qa4+ Bd7 13. Qa6 O-O 14. Nb5 Bxb5 15. cxb5 Bg5 16. g3 Bxc1 17. Rfxc1 Qb6 18. Qa4 Nf6 19. Qc2 Rac8 20. Bc4 Ng4 21. a4 Qd8 22. h3 Nh6 23. Bd3 Qg5 24. Kh2 Qh5 25. Nc3 Ne7 26. Qe2 Qg5 27. a5 Rb8 28. Rab1 g6 29. Qe3 Qh5 30. Be2 Nhf5 31. exf5 Qxf5 32. Bd3 Qf6 33. Ne4 Qg7 34. Nxd6 Rfd8 35. Qxc5 Qf8 36. Ne4 Rxd5 37. Qc4 Rd4 38. Qc3 Rbd8 39. Bc2 f5 40. Nc5 Qf6 41. Bb3+ Kg7 42. Ne6+ Kh6 43. Nxd8 f4 44. Nf7+ Kg7 45. Re1 fxg3+ 46. Qxg3 Rf4 47. Re2 Nf5 48. Qg5 Nd4 49. Qh6+ Kg8 50. Nxe5+ Kh8 51. Nf7+ Kg8 52. Ng5+ Kh8 53. Qxh7# 1-0


[Site "https://www.chess.com"]

[Event "Titled Tuesday Blitz December 06 Early 2022"]
[White "Paravyan, David"]
[Black "Predke, Alexandr"]
[WhiteFideId "4194985"]
[BlackFideId "24107581"]
[WhiteElo "2551"]
[BlackElo "2616"]
[Result "0-1"]
[Round "06"]
[TimeControl "180+1"]
[Date "2022.12.06"]
[WhiteClock "0:00:03"]
[BlackClock "0:00:15"]

1. e4 c5 2. Nf3 e6 3. d4 cxd4 4. Nxd4 a6 5. c3 Nc6 6. Nxc6 bxc6 7. Bd3 d5 8. Qe2 Nf6 9. Bg5 Be7 10. Nd2 a5 11. O-O O-O 12. Rfe1 Nd7 13. Bxe7 Qxe7 14. Rad1 Nc5 15. Bc2 Ba6 16. Qe3 Nd7 17. Nf3 Bb7 18. h3 h6 19. Rd2 Qf6 20. e5 Qe7 21. Qd3 g6 22. Nh2 Qg5 23. Nf3 Qe7 24. Qe3 Kg7 25. Nh2 c5 26. Ng4 Rh8 27. Ba4 h5 28. Nh2 Nb6 29. Bb5 d4 30. cxd4 Nd5 31. Qg3 h4 32. Qg4 Rh5 33. Nf3 Rah8 34. a3 Rf5 35. Re4 Nc7 36. Bd3 Bxe4 37. Bxe4 Rfh5 38. dxc5 Qxc5 39. Rd7 Qc1+ 40. Kh2 R8h6 41. Bxg6 Rxg6 42. Qxh5 Qf4+ 43. Kh1 Nd5 44. Rxd5 exd5 0-1


[Site "https://www.chess.com"]